Aethelfleda, chaotic female elven Priestess ...---- ......... -........ --....)... ...@.^%^%.. ..h....... ........ ...... Aethelfleda the Adept Experience level: 7 Strength: 15 Dexterity: 10 Constitution: 16 Intelligence: 14 Wisdom: 20 Charisma: 7 Health: 0(57) Energy: 118(118) Def: 14 Gold: 315 Moves: 6088 Dungeon seed: c9sGJidGbDSemyDy Game ID: Aethelfleda_1528818912 Your Inventory: Coins $ - 315 gold pieces Weapons a - a blessed rusty +1 mace (weapon in hand) v - an uncursed +0 dagger Armor i - an uncursed +0 small shield (being worn) y - a blessed +1 orcish helm (being worn) z - a blessed +3 pair of water walking boots (being worn) N - an uncursed +0 studded leather armor (being worn) R - an uncursed +0 robe (being worn) Y - a blessed +1 pair of leather gloves (being worn) Comestibles c - an uncursed clove of garlic d - an uncursed sprig of wolfsbane m - an uncursed cream pie p - an uncursed fortune cookie D - 5 uncursed food rations L - an uncursed lizard corpse Scrolls o - an uncursed scroll of confuse monster t - a blessed scroll of genocide A - an uncursed scroll of enchant weapon B - an uncursed scroll of identify E - a cursed scroll of fire G - 3 blessed scrolls of identify P - an uncursed scroll of stinking cloud U - a cursed scroll of enchant armor X - a cursed scroll of destroy armor Potions k - an uncursed potion of see invisible l - an uncursed potion of extra healing x - an uncursed potion of hallucination F - 2 uncursed potions of invisibility H - an uncursed potion of confusion O - a blessed potion of full healing Rings s - an uncursed ring of conflict Q - a blessed +1 ring of gain strength Wands J - an uncursed wand of digging (0:4) T - an uncursed wand of probing (0:2) Tools e - an uncursed lock pick n - an uncursed tooled horn named THE HORN OF YENDOR u - 8 uncursed tallow candles (0:200) w - a cursed magic lamp M - an uncursed magic lamp (lit) Z - an uncursed towel Spells and supernatural/magical abilities: Name Level Category Fail Memory h - healing 1 healing 0% 70% n - detect monsters 1 divination 0% 73% r - remove curse 3 clerical 0% 70% s - slow monster 2 enchantment 20% 91% W - pray for help -- divine ? -- X - turn undead -- divine ? -- Your skills at the end: Fighting Skills Weapon Skills mace [Basic] Spellcasting Skills clerical spells [Basic] Final Attributes: You were piously aligned. You were sleep resistant. You were poison resistant. You were telepathic. You had infravision. You could walk on water. You were fast. You are dead. Vanquished creatures: a large mimic a small mimic 2 winter wolf cubs a giant spider a gnome king a lizard a dwarf lord a wood nymph 8 Mordor orcs a rock piercer 3 shriekers 5 gnome lords 3 gnomish wizards a guardian naga hatchling 2 floating eyes 9 dwarves 9 hill orcs a rothe a giant bat a monkey a dwarf zombie a wererat 2 iguanas 2 acid blobs a hobbit 2 large kobolds 5 giant rats 13 cave spiders 2 brown molds a yellow mold 2 green molds 22 gnomes 4 geckos 8 jackals 4 goblins 3 sewer rats 10 grid bugs a bat 8 lichens a kobold zombie 8 newts 154 creatures vanquished. Voluntary challenges: You were an atheist. You used a wielded weapon 232 times, starting on turn 59. You read items or engraved 7 times, starting on turn 545. You never genocided any monsters. You never polymorphed an object. You never changed form. You used no wishes. You never split a pudding. You never wrote Elbereth's name. You never violated your personal moral code. Dungeon overview: The Dungeons of Doom: levels 1 to 7 Level 1 a fountain a long staircase Level 2 a general store, a fountain Level 3 an armor shop Level 4 a general store, a sink stairs to The Gnomish Mines Level 5 a fountain Level 6 Level 7 many fountains The Gnomish Mines: levels 5 to 8 Level 5 stairs to The Dungeons of Doom Level 6 Level 7 many shops, a temple to Thoth, some fountains Level 8 <- You were here History has recorded: On T:1 you entered the Dungeons of Doom to retrieve the Amulet of Yendor! On T:237 you reached level 2 of The Dungeons of Doom. On T:1013 you advanced to experience level 2. On T:1092 you reached level 3 of The Dungeons of Doom. On T:1184 you advanced to experience level 3. On T:1356 you advanced to experience level 4. On T:1552 you reached level 4 of The Dungeons of Doom. On T:2172 you advanced to experience level 5. On T:2189 you reached level 5 of The Dungeons of Doom. On T:2749 you reached level 6 of The Dungeons of Doom. On T:3020 you reached level 7 of The Dungeons of Doom. On T:3103 you advanced to experience level 6. On T:4437 you reached level 1 of The Gnomish Mines. On T:4490 you reached level 2 of The Gnomish Mines. On T:4705 you advanced to experience level 7. On T:4775 you reached level 3 of The Gnomish Mines. On T:6054 you reached level 4 of The Gnomish Mines. Score breakdown: Gold: 315 ( 8503 points) Experience: 7 levels (13645 points) Exploration: 8 levels ( 17.39%) (11832 points) Discoveries: 27 items ( 9.47%) ( 9233 points) Valuables value: (no points given unless you survive) Artifact value: 0 ( 0 points) Variety of kills: 41 monsters ( 10.76%) ( 9841 points) Turncount: 6088 turns (-1645 points) Survival: died (score multiplied by 80%) Total score: 41127 Latest messages: You are stuck to the web. You disentangle yourself. Please move the cursor to an unknown object. A dwarf king [seen: infravision] on an unexplored area. You hit the dwarf king! The dwarf king wields a dagger! The dwarf king thrusts his dagger. The dwarf king hits! You miss the dwarf king. (2x) The dwarf king thrusts his dagger. The dwarf king hits! The dwarf king thrusts his dagger. The dwarf king hits! You hit the dwarf king. You miss the dwarf king. You hit the dwarf king! The dwarf king thrusts his dagger. The dwarf king hits! The dwarf king thrusts his dagger. The dwarf king hits! You die... Final status: Goodbye Aethelfleda the Priestess, killed by a dwarf king... You died in The Gnomish Mines on dungeon level 8 with 41127 points, and 315 pieces of gold, after 6088 moves. You were level 7 with a maximum of 57 hit points when you died.